 Dungeon Crawl Stone Soup version 0.30-a0-777-ga9a30cbeda (webtiles) character file.

Game seed: 12716951739662567686

10 Esekla the Sneak (level 2, 16/16 HPs)
             Began as a Vine Stalker Delver on Feb 14, 2023.
             Quit the game on level 5 of the Dungeon.
             The game lasted 00:01:30 (146 turns).

Esekla the Sneak (Vine Stalker Delver)               Turns: 146, Time: 00:01:31

Health: 16/16      AC:  3    Str: 14    XL:     2   Next: 20%
Magic:  3/3        EV: 11    Int: 10    God:
Gold:   19         SH:  0    Dex: 15    Spells: 1/1 levels left

rFire   . . .      SeeInvis .    a - +0 falchion
rCold   . . .      Faith    .    (no shield)
rNeg    . . .      Spirit   +    b - +0 leather armour
rPois   .          Reflect  .    (no helmet)
rElec   .          Harm     .    (no cloak)
rCorr   .          Rampage  .    (no gloves)
Will    .....                    (no boots)
Stlth   +++                      (no amulet)
HPRegen 0.22/turn                (no ring)
MPRegen 0.08/turn                (no ring)

@: no status effects
A: fangs 2, magic shield, antimagic bite, no potion heal 2
a: no special abilities


You were on level 5 of the Dungeon.
You visited 1 branch of the dungeon, and saw 1 of its levels.

You collected 19 gold pieces.

Inventory:

Hand Weapons
 a - a +0 falchion (weapon)
Armour
 b - a +0 leather armour (worn)
Wands
 g - a wand of digging (3)
Scrolls
 e - a scroll of fear
 h - a scroll of identify {unknown}


   Skills:
 * Level 2.8 Fighting
 * Level 1.9 Long Blades
 + Level 1.5 Dodging
 + Level 6.2 Stealth
 * Level 0.3 Spellcasting


You had one spell level left.
You didn't know any spells.
Your spell library was empty.

Dungeon Overview and Level Annotations

Branches:
Dungeon (5/15)
 Temple: D:4-7

Altars:
Fedhas
Gozag
Qazlal

Annotations:
D:5 Menkaure


Innate Abilities, Weirdness & Mutations

You have extremely sharp teeth.
When hurt, damage is shared between your health and your magic reserves.
Your bite disrupts and absorbs the magic of your enemies.
Potions cannot restore your health.


Message History

Found an escape hatch in the ceiling.
A phantom comes into view.
Found a blossoming altar of Fedhas.
A worm comes into view.
Found a sling.
An adder comes into view.
The adder hisses angrily.
You barely miss the adder. Your bite misses the adder. The adder bites you.
You hit the adder but do no damage. You bite the adder. You drain its power.
The adder is moderately wounded.
The adder barely misses you.
You completely miss the adder.
The adder is moderately wounded.
The adder bites you but does no damage.
You closely miss the adder.
The adder is moderately wounded.
The adder barely misses you.
You hit the adder. You bite the adder.
You kill the adder!
You have reached level 2!
Your extra speed is starting to run out.
A scorpion and a quokka come into view.
You feel yourself slow down.
You open the gate.
There is an open gate here.
You miss the quokka. Your punch misses the quokka.
The quokka completely misses you.
You hit the quokka.
The quokka is heavily wounded.
The quokka bites you.
The quokka bites you but does no damage.
You slash the quokka!
You kill the quokka!
You close the gate.
You open the gate.
Found an opulent altar of Gozag.
As you open the gate, it creaks loudly!
Found a stormy altar of Qazlal.
There is an open gate here.
Are you sure you want to abandon this character and quit the game? (Confirm with "yes".)

############ ##..........#
##..######+++######
#...#...'.@...'...#
#...#._.'.≈≈≈.'._.#
#..r#...'.....'...#
##..######+++######****
####.....##..,,,,,,,,,,,***
##...........#*********,,,,*
####..#.......### **,,,,,,,,,*
.....##........#****,,,,,,,,,,*
.................,,,,,,,,,,,,,*


There were no monsters in sight!

Vanquished Creatures
  An adder (D:5)
  A quokka (D:5)
2 creatures vanquished.

Notes
Turn   | Place    | Note
-------+----------+-------------------------------------------
     0 | D:5      | Esekla the Vine Stalker Delver began the quest for the Orb.
     0 | D:5      | Reached XP level 1. HP: 11/11 MP: 2/2
    37 | D:5      | Noticed an iguana
    43 | D:5      | Noticed an iguana
    54 | D:5      | Noticed Menkaure
    77 | D:5      | Noticed a phantom
    89 | D:5      | Found a blossoming altar of Fedhas.
   107 | D:5      | Reached XP level 2. HP: 16/16 MP: 3/3
   112 | D:5      | Noticed a scorpion
   135 | D:5      | Found an opulent altar of Gozag.
   140 | D:5      | Found a stormy altar of Qazlal.
   146 | D:5      | Quit the game

Illustrated notes

Levels and vault maps discovered:
D:5:      layout_rooms, fedhas_altar_2, mainiacjoe_overflow_big_doors,
          minmay_strange_pillars, nicolae_goblin_pals, uniq_menkaure, uniq_ijyb,
          uniq_blork_the_orc

Action                     || total
---------------------------++-------
  Melee: Falchion          ||     8
         Bite              ||     2
    Use: Scroll            ||     2
         Potion            ||     1
 Armour: Leather armour    ||     2
  Dodge: Dodged            ||     4

Table legend: (Time is in decaauts)
 A = Elapsed time spent in this place.
 B = Non-inter-level travel time spent in this place.
 C = Inter-level travel time spent in this place.
 D = Time resting spent in this place.
 E = Time spent auto-exploring this place.
 F = Levels seen in this place.
 G = Mean time per level.
                   A        B        C        D        E       F      G
               +--------+--------+--------+--------+--------+-----+--------+
         Total |    128 |    128 |      0 |      0 |      0 |   1 |  128.0 |
       Dungeon |    128 |    128 |      0 |      0 |      0 |   1 |  128.0 |
               +--------+--------+--------+--------+--------+-----+--------+

Top non-repeatable levels by time:
     D:5: 128 daAuts
